 Dungeon Crawl Stone Soup version 0.18.0-1-g0107ab7 (webtiles) character file.

27 Alarkh the Charmwright (level 2, -3/22 HPs)
             Began as a Mummy Skald on May 5, 2016.
             Slain by a gnoll
             ... wielding a +0 spear
              (11 damage)
             ... on level 1 of the Dungeon.
             The game lasted 00:01:41 (683 turns).

Alarkh the Charmwright (Mummy Skald)                 Turns: 683, Time: 00:01:42

Health: -3/22      AC:  3    Str: 15    XL:     2   Next: 93%
Magic:  5/5        EV:  6    Int: 11    God:
Gold:   53         SH:  0    Dex: 11    Spells: 1 memorised, 4 levels left

rFire  x . .     SeeInvis .     a - +0 spear
rCold  + . .     Gourm    .     b - +0 leather armour
rNeg   + + +     Faith    .     (no shield)
rPois  ∞         Spirit   .     (no helmet)
rElec  .         Dismiss  .     (no cloak)
rCorr  .         Reflect  .     (no gloves)
SustAt .         Harm     .     (no boots)
MR     .....                    (no amulet)
Stlth  +.........               (no ring)
                                (no ring)

@: not resistant to hostile enchantments, very unstealthy
A: no food or potions, fire vulnerability, cold resistance 1, negative energy
resistance 3, torment resistance, unbreathing
a: no special abilities


You were on level 1 of the Dungeon.
You were not hungry.

You visited 1 branch of the dungeon, and saw 2 of its levels.

You collected 53 gold pieces.

Inventory:

Hand Weapons
 a - a +0 spear (weapon)
Armour
 b - a +0 leather armour (worn)
Scrolls
 d - a scroll of random uselessness {unknown}
Books
 c - a book of Battle

   Spells                             Type                      Level
   a - Infusion                       Charms                       1
   b - Shroud of Golubria             Charms/Translocation         2
   c - Song of Slaying                Charms                       2
   d - Spectral Weapon                Hexes/Charms                 3
   e - Regeneration                   Charms/Necromancy            3


   Skills:
 - Level 2.0 Fighting
 * Level 2.2 Polearms
 - Level 0.7 Armour
 - Level 0.7 Dodging
 + Level 2.1 Spellcasting
 + Level 2.8 Charms


You had 4 spell levels left.
You knew the following spells:

 Your Spells              Type           Power        Failure   Level  Hunger
a - Infusion              Chrm           #...         14%         1    N/A

Dungeon Overview and Level Annotations

Branches:
Dungeon (2/15)

Altars:


Innate Abilities, Weirdness & Mutations

You do not eat or drink.
Your flesh is vulnerable to fire.
You are immune to poison.
Your flesh is cold resistant.
You are immune to negative energy.
You are immune to unholy pain and torment.
You can survive without breathing.


Message History

The giant cockroach bites you but does no damage.
You closely miss the giant cockroach.
The giant cockroach is almost dead.
The gnoll hits you from afar with a spear.
The giant cockroach completely misses you.
You barely miss the giant cockroach.
The giant cockroach is almost dead.
The giant cockroach closely misses you. The gnoll closely misses you.
You hit the giant cockroach.
You kill the giant cockroach!
The gnoll barely misses you.
Your magical infusion is running out.
You see here a giant cockroach corpse.
You are no longer magically infusing your attacks.
The gnoll hits you from afar with a spear!
You see here a giant cockroach corpse.
There is a stone staircase leading down here.
The gnoll hits you from afar with a spear!
Ouch! That really hurt!
You die...

....##.##.##.#.......##.###.#
######.##....#.......##.# #.#####
###.#######.......##.###.##...
.##........##..............#####
#)..........####.####...!....†...
####.............# #.......####.
#.........##.g# #.......####.
#.........##..# #.......#....
#......!.....@# #.......##.##
#........###.## #.......##.##
########## #.# ###.######.#. #.#
#.# #.## #.# #.# #.## #.#
#.######... #.# #.#........ #.#
#.#.####### #.#######.#......).


You could see a gnoll.

Vanquished Creatures
  3 bats (D:1)
  3 giant cockroaches (D:1)
  3 goblins (D:1)
  4 hobgoblins (D:1)
  4 jackals (D:1)
  2 kobolds (D:1)
  A giant newt (D:1)
  3 rats (D:1)
23 creatures vanquished.

Notes
Turn   | Place    | Note
--------------------------------------------------------------
     0 | D:1      | Alarkh the Mummy Skald began the quest for the Orb.
     0 | D:1      | Reached XP level 1. HP: 16/16 MP: 3/3
   142 | D:1      | Reached XP level 2. HP: 22/22 MP: 0/5
   683 | D:1      | Slain by a gnoll

Skill      XL: |  1  2 |
---------------+-------+-----
Polearms       | 2 |  2.2
Fighting       | |  2.0
Armour         | |  0.7
Dodging        | |  0.7
Spellcasting   | |  2.1
Charms         | |  2.8

Action                   || total
-------------------------++-------
Melee: Spear             ||    83
 Cast: Infusion          ||     8
Armor: Leather armour    ||    22
Dodge: Dodged            ||    53
